 Dungeon Crawl Stone Soup version 0.29.0-4-gdea44cf6ec (webtiles) character file.

Game seed: 16144996169384714914

40083 qw the Peltast (level 13, -4/122 HPs)
             Began as a Minotaur Berserker on Sept 9, 2022.
             Was a Priest of Trog.
             Slain by a lindwurm (7 damage)
             ... on level 5 of the Lair of Beasts.
             The game lasted 00:07:34 (21421 turns).

qw the Peltast (Minotaur Berserker)                Turns: 21421, Time: 00:07:34

Health: -4/122     AC: 22    Str: 25    XL:     13   Next: 72%
Magic:  12/12      EV:  7    Int:  8    God:    Trog [***...]
Gold:   945        SH: 18    Dex: 10    Spells: 12/12 levels left

rFire   + . .      SeeInvis .   n - +3 hand axe (vamp)
rCold   . . .      Faith    .   f - +0 tower shield
rNeg    . . .      Spirit   .   b - +0 plate armour
rPois   +          Reflect  .   q - +2 hat
rElec   +          Harm     .   j - +0 cloak
rCorr   .          Rampage  .   s - +0 pair of gloves
Will    .....                   r - +0 pair of boots
Stlth   ..........              k - amulet of the acrobat
HPRegen 0.30/turn               o - ring of poison resistance
MPRegen 0.13/turn               i - ring of protection from fire

@: about to teleport, on berserk cooldown, slowed, very slow
A: horns 2, retaliatory headbutt, clever 1, deterioration 1, electricity
resistance
a: Renounce Religion, Berserk, Trog's Hand


You were on level 5 of the Lair of Beasts.
You worshipped Trog.
Trog was most pleased with you.
You visited 2 branches of the dungeon, and saw 15 of its levels.

You collected 1113 gold pieces.
You spent 168 gold pieces at shops.


Innate Abilities, Weirdness & Mutations

You have a pair of horns on your head.
You reflexively headbutt those who attack you in melee.
Your mind is acute. (Int +4, Str/Dex -1)
Your body sometimes deteriorates upon taking damage.
You are resistant to electric shocks. (rElec)


   Skills:
 - Level 13.0 Fighting
 - Level 14.0 Axes
 - Level 5.0 Throwing
 - Level 12.0 Armour
 - Level 4.0 Dodging
 + Level 17.0 Shields


You had 12 spell levels left.
You didn't know any spells.
Your spell library was empty.

Inventory:

Hand Weapons
 n - a +3 vampiric hand axe (weapon)
 p - a +0 morningstar
Missiles
 t - 2 javelins (quivered)
Armour
 b - a +0 plate armour (worn)
 f - a +0 tower shield (worn)
 j - a +0 cloak (worn)
 q - a +2 hat (worn)
 r - a +0 pair of boots (worn)
 s - a +0 pair of gloves (worn)
 v - a +1 hat
Jewellery
 g - an amulet of regeneration
 i - a ring of protection from fire (right hand)
 k - an amulet of the acrobat (around neck)
 o - a ring of poison resistance (left hand)
 Y - a ring of positive energy
Scrolls
 a - 13 scrolls of identify
 m - a scroll of teleportation
Potions
 c - 3 potions of mutation
 d - 3 potions of might
 e - 4 potions of haste
 l - 10 potions of curing
 u - a potion of resistance {unknown}

Dungeon Overview and Level Annotations

Branches:
Dungeon (10/15)            Temple (0/1) D:6            Lair (5/5) D:10
 Shoals (0/4) Lair:3       Spider (0/4) Lair:2        Slime (0/5) Lair:4
    Orc: D:9-12

Altars:
Dithmenos
Elyvilon
Fedhas
Kikubaaqudgha
Sif Muna
Trog
Zin
Jiyva

Shops:
D:4 !

Annotations:
D:6 2 transporters, qw's ghost, novice OgEn


Message History

The eight-headed hydra is almost dead.
The hell hound bites you but does no damage.
The eight-headed hydra bites you but does no damage.
You block the eight-headed hydra's attack.
The eight-headed hydra bites you but does no damage. x2
The eight-headed hydra bites you. x2
You block the eight-headed hydra's attack. x2
The lindwurm bites you but does no damage.
The lindwurm claws you but does no damage. x2
You sock the eight-headed hydra!
You kill the eight-headed hydra!
Trog accepts your kill. You block the hell hound's attack. x2
Your Fighting skill increases to level 13!
You completely miss the lindwurm.
You are no longer berserk.
You are exhausted.
You feel yourself slow down. You block the lindwurm's attack.
The lindwurm claws you but does no damage. x2
The hell hound bites you but does no damage.
21419 ||| READING 2 scrolls of teleportation.
As you read the scroll of teleportation, it crumbles to dust.
You feel strangely unstable. You block the hell hound's attack.
You block the lindwurm's attack.
The lindwurm claws you but does no damage. x2
The hell hound barely misses you. The lindwurm breathes flames at you.
The blast of flame hits you! You resist. The hell hound barely misses you.
You furiously retaliate!
You headbutt the hell hound!
21420 ||| SWAPPING to +3 vampiric hand axe.
You feel a sense of dread.
n - a +3 vampiric hand axe (weapon)
You block the hell hound's attack. The lindwurm breathes flames at you.
The blast of flame hits you. You resist.
You slash the hell hound!
The hell hound is severely wounded.
You hit the lindwurm but do no damage. You block the hell hound's attack.
The lindwurm bites you!
You die...

#..##......##
##..........#
#...P.......#
##...P...%### .
#........#.####..l.
##..P.../.#....l.l.
###(.P.....#D....S.
###.#....kh(####.h...
#..#..).%@...## ##..
##..P......P..### .
#..P............#
##.../...........## #
##.....###.##......###
~
#.##..#........#.....#
###..)#.#..##.##.....#
##..#.............##
#...#.##.#.#.#...##


You could see a lindwurm and a hell hound.

Vanquished Creatures
  Gastronok (D:10)
  4 hydras
  6 death yaks (Lair:3)
  A lindwurm (Lair:2)
  Pikel (D:6)
  An oklob plant (Lair:2)
  An elephant (Lair:5)
  6 black mambas
  8 cane toads
  2 torpor snails
  A kobold demonologist (D:10)
  3 rime drakes
  An efreet (D:10)
  13 komodo dragons
  2 trolls (D:9)
  3 polar bears
  Grinder (D:3)
  A hornet (D:9)
  14 blink frogs
  8 dream sheep
  A wraith (D:9)
  38 yaks
  A spriggan (D:8)
  5 wyverns
  4 basilisks
  2 steam dragons
  3 wargs (D:10)
  An acid dragon (D:9)
  11 water moccasins
  2 black bears
  A hell hound (Lair:5)
  3 orc warriors
  A sky beast (D:7)
  3 ice beasts
  17 wolves
  5 centaurs
  2 lemures (D:6)
  Blork the orc (D:5)
  4 kobold brigands
  7 bullfrogs
  2 scorpions
  2 necrophages
  7 wights
  12 killer bees
  5 electric eels
  4 howler monkeys
  2 quasits (D:5)
  5 orc priests
  3 jellies
  3 hounds
  A gnoll bouda (D:7)
  2 iguanas
  15 orc wizards
  10 hell rats
  14 gnolls
  A river rat (Lair:5)
  6 adders
  5 shadow imps
  2 white imps (D:5)
  6 ufetubi (D:5)
  4 dart slugs
  32 orcs
  4 endoplasms
  5 giant cockroaches
  3 hobgoblins
  3 jackals (D:1)
  8 kobolds
  3 quokkas
  7 ball pythons
  9 bats
  2 frilled lizards
  12 goblins
  16 rats
405 creatures vanquished.

Vanquished Creatures (collateral kills)
  2 elephants (Lair:5)
  2 cane toads (Lair:5)
  2 yaks (Lair:5)
  A water moccasin (Lair:5)
  A bullfrog (Lair:2)
8 creatures vanquished.

Vanquished Creatures (others)
  A demonic plant (D:5)
  23 fungi
  56 plants
80 creatures vanquished.

Grand Total: 493 creatures vanquished

Notes
Turn   | Place    | Note
-------+----------+-------------------------------------------
     0 | D:1      | qw the Minotaur Berserker began the quest for the Orb.
     0 | D:1      | Reached XP level 1. HP: 19/19 MP: 0/0
     0 | D:1      | 0 ||| qw: Version: 0.1-a-113-g051387a
     0 | D:1      | 0 ||| qw: Game counter: 7054
     0 | D:1      | 0 ||| qw: Always use a shield: true
     0 | D:1      | 0 ||| qw: Do Orc after D:15 true
     0 | D:1      | 0 ||| qw: Do second Lair branch before Depths: true
     0 | D:1      | 0 ||| qw: Lair rune preference: random
     0 | D:1      | 0 ||| qw: Plans: Normal
     0 | D:1      | 0 ||| PLANNING D:1-11
    76 | D:1      | Reached XP level 2. HP: 26/26 MP: 1/1
    81 | D:1      | 81 ||| Stepping ~*~*~tactically~*~*~ (stealth).
    84 | D:1      | 84 ||| Stepping ~*~*~tactically~*~*~ (hiding).
   274 | D:1      | 274 ||| INVOKING Berserk.
   280 | D:1      | Reached XP level 3. HP: 22/31 MP: 2/2
   480 | D:1      | 480 ||| Stepping ~*~*~tactically~*~*~ (stealth).
   578 | D:1      | Found a faded altar of an unknown god.
   651 | D:1      | 651 ||| Stepping ~*~*~tactically~*~*~ (stealth).
   664 | D:1      | 664 ||| Stepping ~*~*~tactically~*~*~ (stealth).
   665 | D:1      | 665 ||| Stepping ~*~*~tactically~*~*~ (stealth).
   667 | D:1      | 667 ||| Stepping ~*~*~tactically~*~*~ (stealth).
   668 | D:1      | 668 ||| Stepping ~*~*~tactically~*~*~ (stealth).
   737 | D:1      | 737 ||| DROPPING +0 club.
   838 | D:1      | 838 ||| Stepping ~*~*~tactically~*~*~ (stealth).
   840 | D:1      | 840 ||| Stepping ~*~*~tactically~*~*~ (stealth).
   943 | D:1      | 943 ||| UPGRADING to ring of protection from fire.
   944 | D:1      | 944 ||| READING scroll labelled UCEMUU XOIDESE.
   945 | D:1      | 945 ||| READING scroll labelled OSAISTRO TOIPRE.
   946 | D:1      | 946 ||| READING scroll labelled FINUQ QUNIOPT.
   986 | D:2      | Found a shimmering blue altar of Sif Muna.
  1059 | D:2      | 1059 ||| Stepping ~*~*~tactically~*~*~ (stealth).
  1061 | D:2      | 1061 ||| Stepping ~*~*~tactically~*~*~ (stealth).
  1093 | D:2      | 1093 ||| Stepping ~*~*~tactically~*~*~ (stealth).
  1095 | D:2      | 1095 ||| Stepping ~*~*~tactically~*~*~ (stealth).
  1104 | D:2      | Reached ** piety under Trog
  1229 | D:2      | 1229 ||| Stepping ~*~*~tactically~*~*~ (stealth).
  1279 | D:2      | 1279 ||| Stepping ~*~*~tactically~*~*~ (stealth).
  1301 | D:2      | 1301 ||| Stepping ~*~*~tactically~*~*~ (stealth).
  1309 | D:2      | 1309 ||| Stepping ~*~*~tactically~*~*~ (stealth).
  1412 | D:2      | Reached skill level 6 in Axes
  1412 | D:2      | Reached XP level 4. HP: 39/39 MP: 3/3
  1737 | D:2      | 1737 ||| Stepping ~*~*~tactically~*~*~ (hiding).
  1922 | D:2      | 1922 ||| Stepping ~*~*~tactically~*~*~ (stealth).
  1923 | D:2      | 1923 ||| Stepping ~*~*~tactically~*~*~ (stealth).
  1924 | D:2      | 1924 ||| Stepping ~*~*~tactically~*~*~ (stealth).
  1925 | D:2      | 1925 ||| Stepping ~*~*~tactically~*~*~ (stealth).
  1926 | D:2      | 1926 ||| Stepping ~*~*~tactically~*~*~ (stealth).
  2392 | D:2      | 2392 ||| UPGRADING to +0 tower shield.
  2397 | D:2      | 2397 ||| READING scroll labelled GOAGAQ XUVARA.
  2536 | D:2      | 2536 ||| READING scroll labelled OQISMAEQOI.
  2539 | D:2      | 2539 ||| READING scroll labelled OGUJAE PALAPHA.
  2540 | D:2      | 2540 ||| DRINKING 2 white potions.
  2571 | D:3      | Found an ancient bone altar of Kikubaaqudgha.
  2575 | D:3      | Found a shimmering blue altar of Sif Muna.
  2638 | D:3      | Noticed Grinder
  2639 | D:3      | 2639 ||| Stepping ~*~*~tactically~*~*~ (hiding).
  2641 | D:3      | 2641 ||| INVOKING Trog's Hand.
  2643 | D:3      | 2643 ||| INVOKING Berserk.
  2647 | D:3      | Killed Grinder
  2648 | D:3      | Reached skill level 5 in Shields
  2648 | D:3      | Reached XP level 5. HP: 33/45 MP: 4/4
  2648 | D:3      | Reached XP level 6. HP: 38/51 MP: 5/5
  2691 | D:3      | 2691 ||| FLEEEEING.
  2692 | D:3      | 2692 ||| FLEEEEING.
  2958 | D:3      | Found a bloodstained altar of Trog.
  3177 | D:3      | 3177 ||| DROPPING +0 whip.
  3281 | D:3      | 3281 ||| INVOKING Berserk.
  3566 | D:3      | 3566 ||| UPGRADING to +0 leather armour.
  3576 | D:3      | 3576 ||| DROPPING +0 animal skin.
  3577 | D:3      | 3577 ||| DROPPING ring of flight.
  3578 | D:3      | 3578 ||| READING 2 scrolls labelled JEODDU WOOMIR.
  3579 | D:3      | 3579 ||| READING scroll labelled HUEDEACR GIHY.
  3580 | D:3      | 3580 ||| READING scroll labelled GAYCAU URHE.
  3581 | D:3      | 3581 ||| DRINKING 2 bubbling blue potions.
  3582 | D:3      | 3582 ||| DRINKING 3 sapphire potions.
  3583 | D:3      | 3583 ||| DRINKING 2 brown potions.
  3584 | D:3      | 3584 ||| DROPPING 2 potions of flight.
  3585 | D:3      | 3585 ||| DROPPING potion of brilliance.
  3615 | D:4      | Found Maqiew's Distillery.
  3653 | D:4      | 3653 ||| Stepping ~*~*~tactically~*~*~ (hiding).
  3657 | D:4      | 3657 ||| INVOKING Berserk.
  3660 | D:4      | Reached skill level 6 in Shields
  3837 | D:4      | 3837 ||| Stepping ~*~*~tactically~*~*~ (hiding).
  3838 | D:4      | 3838 ||| Stepping ~*~*~tactically~*~*~ (hiding).
  3886 | D:4      | Found a white marble altar of Elyvilon.
  3984 | D:4      | 3984 ||| Stepping ~*~*~tactically~*~*~ (stealth).
  3986 | D:4      | 3986 ||| INVOKING Berserk.
  4184 | D:4      | 4184 ||| INVOKING Berserk.
  4189 | D:4      | Reached XP level 7. HP: 57/57 MP: 6/6
  4350 | D:4      | Reached skill level 7 in Shields
  4399 | D:4      | 4399 ||| Stepping ~*~*~tactically~*~*~ (stealth).
  4402 | D:4      | 4402 ||| INVOKING Berserk.
  4468 | D:4      | 4468 ||| SWAPPING to +2 vampiric hand axe.
  4469 | D:4      | 4469 ||| DROPPING +1 hand axe.
  4526 | D:4      | 4526 ||| INVOKING Berserk.
  4834 | D:4      | 4834 ||| BUYING potion of curing (42 gold).
  4834 | D:4      | Bought a potion of curing for 42 gold pieces
  4834 | D:4      | 4834 ||| BUYING potion of curing (42 gold).
  4834 | D:4      | Bought a potion of curing for 42 gold pieces
  4834 | D:4      | 4834 ||| BUYING potion of curing (42 gold).
  4834 | D:4      | Bought a potion of curing for 42 gold pieces
  4834 | D:4      | 4834 ||| BUYING potion of curing (42 gold).
  4834 | D:4      | Bought a potion of curing for 42 gold pieces
  4834 | D:4      | 4834 ||| SHOPLISTING potion of mutation (112 gold, have
                  | 106).
  4834 | D:4      | 4834 ||| UPGRADING to +0 scale mail.
  4844 | D:4      | 4844 ||| DROPPING +0 leather armour.
  4845 | D:4      | 4845 ||| READING 2 scrolls labelled KAD ELYENILUDGH.
  4846 | D:4      | 4846 ||| READING scroll labelled BUPUMOFFOLEMP.
  4847 | D:4      | 4847 ||| DRINKING 2 glowing brown potions.
  4848 | D:4      | 4848 ||| DROPPING scroll of vulnerability.
  4912 | D:5      | Entered Level 5 of the Dungeon
  4929 | D:5      | Reached skill level 8 in Shields
  4929 | D:5      | 4929 ||| STAIRDANCE
  4972 | D:5      | 4972 ||| Stepping ~*~*~tactically~*~*~ (hiding).
  5015 | D:5      | 5015 ||| Stepping ~*~*~tactically~*~*~ (hiding).
  5081 | D:5      | 5081 ||| INVOKING Berserk.
  5127 | D:5      | 5127 ||| FLEEEEING.
  5128 | D:5      | 5128 ||| FLEEEEING.
  5129 | D:5      | 5129 ||| FLEEEEING.
  5130 | D:5      | 5130 ||| FLEEEEING.
  5131 | D:5      | 5131 ||| FLEEEEING.
  5132 | D:5      | 5132 ||| FLEEEEING.
  5133 | D:5      | 5133 ||| STAIRDANCE
  5233 | D:5      | 5233 ||| Stepping ~*~*~tactically~*~*~ (hiding).
  5316 | D:5      | 5316 ||| Stepping ~*~*~tactically~*~*~ (hiding).
  5464 | D:5      | 5464 ||| INVOKING Berserk.
  5471 | D:5      | Reached skill level 9 in Shields
  5471 | D:5      | Reached XP level 8. HP: 64/64 MP: 7/7
  5660 | D:5      | Noticed Blork the orc
  5662 | D:5      | 5662 ||| Stepping ~*~*~tactically~*~*~ (hiding).
  5665 | D:5      | 5665 ||| INVOKING Berserk.
  5668 | D:5      | Killed Blork the orc
  5818 | D:5      | 5818 ||| INVOKING Berserk.
  5980 | D:5      | 5980 ||| Stepping ~*~*~tactically~*~*~ (hiding).
  5981 | D:5      | 5981 ||| Stepping ~*~*~tactically~*~*~ (hiding).
  6020 | D:5      | Identified the +1 robe of Whack-A-Mole {SInv}
  6198 | D:5      | 6198 ||| DROPPING +3 leather armour.
  6199 | D:5      | 6199 ||| DRINKING 2 lumpy puce potions.
  6200 | D:5      | 6200 ||| READING 2 scrolls of identify.
  6200 | D:5      | 6200 ||| IDENTIFYING murky silvery potion
  6201 | D:5      | 6201 ||| DROPPING potion of degeneration.
  6202 | D:5      | 6202 ||| DROPPING potion of berserk rage.
  6329 | D:6      | Noticed Pikel
  6331 | D:6      | 6331 ||| Stepping ~*~*~tactically~*~*~ (stealth).
  6337 | D:6      | 6337 ||| INVOKING Berserk.
  6345 | D:6      | Killed Pikel
  6350 | D:6      | 6350 ||| Stepping ~*~*~tactically~*~*~ (stealth).
  6354 | D:6      | Reached *** piety under Trog
  6463 | D:6      | Found a staircase to the Ecumenical Temple.
  6555 | D:6      | 6555 ||| Stepping ~*~*~tactically~*~*~ (stealth).
  6556 | D:6      | 6556 ||| Stepping ~*~*~tactically~*~*~ (stealth).
  6641 | D:6      | Found a transporter.
  6650 | D:6      | Found a transporter.
  6652 | D:6      | Noticed qw's ghost (novice OgEn)
  6731 | D:6      | Found a glowing silver altar of Zin.
  6753 | D:6      | Reached XP level 9. HP: 67/71 MP: 8/8
  6807 | D:6      | 6807 ||| DRINKING 2 blue potions.
  6807 | D:6      | Gained mutation: Your body sometimes deteriorates upon
                  | taking damage. [potion of mutation]
  6807 | D:6      | Gained mutation: Your mind is acute. (Int +4, Str/Dex -1)
                  | [potion of mutation]
  6807 | D:6      | Gained mutation: You are resistant to electric shocks.
                  | (rElec) [potion of mutation]
  6808 | D:6      | 6808 ||| READING 2 scrolls of identify.
  6808 | D:6      | 6808 ||| IDENTIFYING murky puce potion
  6809 | D:6      | 6809 ||| DROPPING potion of attraction.
  6917 | D:7      | 6917 ||| Stepping ~*~*~tactically~*~*~ (hiding).
  6918 | D:7      | 6918 ||| Stepping ~*~*~tactically~*~*~ (hiding).
  6924 | D:7      | 6924 ||| FLEEEEING.
  6925 | D:7      | 6925 ||| FLEEEEING.
  6926 | D:7      | 6926 ||| FLEEEEING.
  6927 | D:7      | 6927 ||| FLEEEEING.
  6928 | D:7      | 6928 ||| FLEEEEING.
  6929 | D:7      | 6929 ||| FLEEEEING.
  6930 | D:7      | 6930 ||| FLEEEEING.
  6931 | D:7      | 6931 ||| FLEEEEING.
  6932 | D:7      | 6932 ||| FLEEEEING.
  6933 | D:7      | 6933 ||| FLEEEEING.
  6936 | D:7      | 6936 ||| Stepping ~*~*~tactically~*~*~ (hiding).
  6939 | D:7      | 6939 ||| INVOKING Berserk.
  7094 | D:7      | 7094 ||| INVOKING Berserk.
  7108 | D:7      | Reached skill level 10 in Shields
  7130 | D:7      | 7130 ||| FLEEEEING.
  7131 | D:7      | 7131 ||| FLEEEEING.
  7151 | D:7      | 7151 ||| Stepping ~*~*~tactically~*~*~ (hiding).
  7163 | D:7      | 7163 ||| FLEEEEING.
  7173 | D:7      | 7173 ||| FLEEEEING.
  7174 | D:7      | 7174 ||| FLEEEEING.
  7175 | D:7      | 7175 ||| FLEEEEING.
  7176 | D:7      | 7176 ||| FLEEEEING.
  7177 | D:7      | 7177 ||| FLEEEEING.
  7178 | D:7      | 7178 ||| FLEEEEING.
  7179 | D:7      | 7179 ||| FLEEEEING.
  7180 | D:7      | 7180 ||| FLEEEEING.
  7181 | D:7      | 7181 ||| FLEEEEING.
  7182 | D:7      | 7182 ||| FLEEEEING.
  7183 | D:7      | 7183 ||| FLEEEEING.
  7184 | D:7      | 7184 ||| FLEEEEING.
  7681 | D:7      | 7681 ||| UPGRADING to +2 ring mail of positive energy.
  7691 | D:7      | 7691 ||| DROPPING +0 scale mail.
  7692 | D:7      | 7692 ||| READING scroll labelled NIODOO KATI.
  7693 | D:7      | 7693 ||| READING scroll labelled RARERI ZEAC.
  7794 | D:7      | 7794 ||| DRINKING 2 amethyst potions.
  7895 | D:7      | 7895 ||| DROPPING potion of ambrosia.
  7928 | D:8      | 7928 ||| STAIRDANCE
  7998 | D:8      | 7998 ||| Stepping ~*~*~tactically~*~*~ (stealth).
  8009 | D:8      | Reached skill level 11 in Shields
  8149 | D:8      | Found a shadowy altar of Dithmenos.
  8425 | D:8      | Reached skill level 6 in Fighting
  8670 | D:8      | 8670 ||| INVOKING Berserk.
  8688 | D:8      | 8688 ||| FLEEEEING.
  8689 | D:8      | 8689 ||| FLEEEEING.
  8694 | D:8      | 8694 ||| STAIRDANCE
  8755 | D:7      | 8755 ||| UPGRADING to +0 chain mail.
  8765 | D:7      | 8765 ||| DROPPING +2 ring mail of positive energy.
  8766 | D:7      | 8766 ||| UPGRADING to +2 hat.
  8771 | D:7      | 8771 ||| DROPPING +1 hat.
  8772 | D:7      | 8772 ||| UPGRADING to +0 pair of gloves.
  8777 | D:7      | 8777 ||| UPGRADING to amulet of the acrobat.
  8782 | D:7      | 8782 ||| READING scroll labelled MINULAXEQI.
  8783 | D:7      | 8783 ||| DRINKING 2 lumpy brown potions.
  8799 | D:7      | 8799 ||| DROPPING potion of lignification.
  8806 | D:8      | 8806 ||| Stepping ~*~*~tactically~*~*~ (stealth).
  8807 | D:8      | 8807 ||| Stepping ~*~*~tactically~*~*~ (stealth).
  8818 | D:8      | 8818 ||| Stepping ~*~*~tactically~*~*~ (stealth).
  8819 | D:8      | 8819 ||| Stepping ~*~*~tactically~*~*~ (stealth).
  8820 | D:8      | 8820 ||| Stepping ~*~*~tactically~*~*~ (stealth).
  8827 | D:8      | Identified the +3 mace "Woenan" {flame, Dex+3}
  8828 | D:8      | 8828 ||| Stepping ~*~*~tactically~*~*~ (stealth).
  8830 | D:8      | 8830 ||| Stepping ~*~*~tactically~*~*~ (stealth).
  8836 | D:8      | Reached skill level 3 in Armour
  8837 | D:8      | 8837 ||| Stepping ~*~*~tactically~*~*~ (hiding).
  8838 | D:8      | 8838 ||| Stepping ~*~*~tactically~*~*~ (hiding).
  8922 | D:8      | 8922 ||| FLEEEEING.
  8931 | D:8      | 8931 ||| STAIRDANCE
  9004 | D:7      | 9004 ||| UPGRADING to +0 plate armour.
  9014 | D:7      | 9014 ||| DROPPING +0 chain mail.
  9137 | D:8      | 9137 ||| FLEEEEING.
  9138 | D:8      | 9138 ||| FLEEEEING.
  9365 | D:8      | Reached XP level 10. HP: 77/83 MP: 9/9
  9408 | D:8      | 9408 ||| UPGRADING to +0 cloak.
  9413 | D:8      | 9413 ||| UPGRADING to ring of positive energy.
  9456 | D:9      | Reached skill level 12 in Shields
  9667 | D:9      | 9667 ||| INVOKING Berserk.
  9680 | D:9      | 9680 ||| Stepping ~*~*~tactically~*~*~ (stealth).
  9799 | D:9      | 9799 ||| Stepping ~*~*~tactically~*~*~ (stealth).
  9803 | D:9      | 9803 ||| Stepping ~*~*~tactically~*~*~ (stealth).
  9809 | D:9      | Reached skill level 12 in Axes
  9810 | D:9      | 9810 ||| Stepping ~*~*~tactically~*~*~ (stealth).
  9840 | D:9      | Reached skill level 6 in Armour
  9861 | D:9      | Reached **** piety under Trog
  9939 | D:9      | 9939 ||| Stepping ~*~*~tactically~*~*~ (hiding).
 10052 | D:9      | 10052 ||| INVOKING Berserk.
 10227 | D:9      | Reached skill level 1 in Throwing
 10364 | D:9      | 10364 ||| INVOKING Berserk.
 10620 | D:9      | 10620 ||| UPGRADING to +0 pair of boots.
 10633 | D:10     | Entered Level 10 of the Dungeon
 10681 | D:10     | 10681 ||| DRINKING 8 potions of curing.
 10681 | D:10     | 10681 ||| (to cure confusion)
 10682 | D:10     | 10682 ||| Stepping ~*~*~tactically~*~*~ (hiding).
 10688 | D:10     | 10688 ||| Stepping ~*~*~tactically~*~*~ (hiding).
 10694 | D:10     | 10694 ||| INVOKING Berserk.
 10765 | D:10     | Found a staircase to the Lair.
 11089 | D:10     | Noticed Gastronok
 11090 | D:10     | 11090 ||| Stepping ~*~*~tactically~*~*~ (hiding).
 11094 | D:10     | 11094 ||| INVOKING Berserk.
 11105 | D:10     | Killed Gastronok
 11106 | D:10     | Reached skill level 13 in Shields
 11106 | D:10     | Reached XP level 11. HP: 92/92 MP: 10/10
 11540 | D:10     | 11540 ||| INVOKING Berserk.
 12180 | D:10     | 12180 ||| PLANNING LAIR
 12220 | Lair:1   | Entered Level 1 of the Lair of Beasts
 12341 | Lair:1   | 12341 ||| INVOKING Berserk.
 12483 | Lair:1   | Found a dark tunnel.
 12483 | Lair:1   | Noticed a lindwurm
 12505 | Lair:1   | 12505 ||| INVOKING Berserk.
 12559 | Lair:1   | 12559 ||| INVOKING Berserk.
 12563 | Lair:1   | HP: 23/94 [lindwurm/blast of flame (11)]
 12564 | Lair:1   | 12564 ||| READING 7 scrolls of teleportation.
 12565 | Lair:1   | 12565 ||| DRINKING 5 potions of heal wounds.
 12785 | Lair:1   | 12785 ||| Stepping ~*~*~tactically~*~*~ (stealth).
 12787 | Lair:1   | 12787 ||| INVOKING Berserk.
 12943 | Lair:1   | 12943 ||| INVOKING Berserk.
 13507 | Lair:1   | 13507 ||| DROPPING amulet of magic regeneration.
 13536 | Lair:2   | 13536 ||| STAIRDANCE
 13581 | Lair:2   | 13581 ||| STAIRDANCE
 13760 | Lair:2   | Found a hole to the Spider Nest.
 13788 | Lair:2   | 13788 ||| Stepping ~*~*~tactically~*~*~ (stealth).
 13825 | Lair:2   | Noticed an eight-headed hydra
 13826 | Lair:2   | 13826 ||| Stepping ~*~*~tactically~*~*~ (stealth).
 13827 | Lair:2   | 13827 ||| Stepping ~*~*~tactically~*~*~ (stealth).
 13828 | Lair:2   | 13828 ||| INVOKING Brothers in Arms.
 13829 | Lair:2   | 13829 ||| INVOKING Brothers in Arms.
 13830 | Lair:2   | 13830 ||| INVOKING Brothers in Arms.
 13831 | Lair:2   | 13831 ||| SWAPPING to +0 morningstar.
 13833 | Lair:2   | 13833 ||| INVOKING Berserk.
 13834 | Lair:2   | Killed an eight-headed hydra
 13835 | Lair:2   | Reached skill level 9 in Fighting
 13848 | Lair:2   | 13848 ||| SWAPPING to +2 vampiric hand axe.
 13903 | Lair:2   | 13903 ||| INVOKING Berserk.
 14070 | Lair:2   | 14070 ||| INVOKING Berserk.
 14145 | Lair:2   | Noticed an oklob plant
 14148 | Lair:2   | 14148 ||| INVOKING Berserk.
 14152 | Lair:2   | Reached skill level 14 in Shields
 14167 | Lair:2   | 14167 ||| READING 6 scrolls of teleportation.
 14387 | Lair:2   | 14387 ||| INVOKING Berserk.
 14424 | Lair:2   | 14424 ||| Stepping ~*~*~tactically~*~*~ (stealth).
 14439 | Lair:2   | 14439 ||| INVOKING Berserk.
 14468 | Lair:2   | Reached skill level 9 in Armour
 14574 | Lair:2   | 14574 ||| INVOKING Berserk.
 14747 | Lair:2   | 14747 ||| Stepping ~*~*~tactically~*~*~ (stealth).
 14799 | Lair:2   | Reached XP level 12. HP: 104/104 MP: 11/11
 14865 | Lair:2   | 14865 ||| INVOKING Berserk.
 14867 | Lair:2   | Reached skill level 3 in Dodging
 15311 | Lair:2   | 15311 ||| FLEEEEING.
 15398 | Lair:2   | 15398 ||| FLEEEEING.
 15399 | Lair:2   | 15399 ||| FLEEEEING.
 15494 | Lair:2   | 15494 ||| INVOKING Berserk.
 15743 | Lair:2   | 15743 ||| READING scroll labelled MIOTHI ZITTIATS.
 15744 | Lair:2   | 15744 ||| READING 7 scrolls of identify.
 15744 | Lair:2   | 15744 ||| IDENTIFYING inky potion
 15745 | Lair:2   | 15745 ||| DROPPING potion of invisibility.
 15978 | Lair:3   | 15978 ||| Stepping ~*~*~tactically~*~*~ (stealth).
 15979 | Lair:3   | 15979 ||| Stepping ~*~*~tactically~*~*~ (stealth).
 16113 | Lair:3   | 16113 ||| Stepping ~*~*~tactically~*~*~ (stealth).
 16142 | Lair:3   | Reached skill level 15 in Shields
 16162 | Lair:3   | 16162 ||| INVOKING Berserk.
 16273 | Lair:3   | 16273 ||| INVOKING Berserk.
 16353 | Lair:3   | 16353 ||| Stepping ~*~*~tactically~*~*~ (stealth).
 16355 | Lair:3   | 16355 ||| Stepping ~*~*~tactically~*~*~ (stealth).
 16372 | Lair:3   | 16372 ||| Stepping ~*~*~tactically~*~*~ (stealth).
 16387 | Lair:3   | 16387 ||| Stepping ~*~*~tactically~*~*~ (stealth).
 16388 | Lair:3   | 16388 ||| Stepping ~*~*~tactically~*~*~ (stealth).
 16431 | Lair:3   | 16431 ||| FLEEEEING.
 16432 | Lair:3   | 16432 ||| FLEEEEING.
 16442 | Lair:3   | 16442 ||| FLEEEEING.
 16443 | Lair:3   | 16443 ||| FLEEEEING.
 16444 | Lair:3   | 16444 ||| FLEEEEING.
 16445 | Lair:3   | 16445 ||| FLEEEEING.
 16446 | Lair:3   | 16446 ||| FLEEEEING.
 16447 | Lair:3   | 16447 ||| FLEEEEING.
 16448 | Lair:3   | 16448 ||| FLEEEEING.
 16449 | Lair:3   | 16449 ||| FLEEEEING.
 16450 | Lair:3   | 16450 ||| FLEEEEING.
 16453 | Lair:3   | 16453 ||| FLEEEEING.
 16454 | Lair:3   | 16454 ||| FLEEEEING.
 16455 | Lair:3   | 16455 ||| STAIRDANCE
 16497 | Lair:3   | 16497 ||| INVOKING Berserk.
 16505 | Lair:3   | 16505 ||| STAIRDANCE
 16680 | Lair:3   | Found a staircase to the Shoals.
 17017 | Lair:3   | Found a blossoming altar of Fedhas.
 17071 | Lair:3   | 17071 ||| READING 5 scrolls of teleportation.
 17482 | Lair:3   | 17482 ||| UPGRADING to ring of poison resistance.
 17484 | Lair:3   | 17484 ||| UPGRADING to ring of protection from fire.
 17536 | Lair:4   | Noticed a death yak
 17536 | Lair:4   | Noticed a death yak
 17536 | Lair:4   | Noticed a death yak
 17536 | Lair:4   | Noticed a death yak
 17536 | Lair:4   | Noticed a death yak
 17536 | Lair:4   | Noticed a death yak
 17537 | Lair:4   | 17537 ||| STAIRDANCE
 17539 | Lair:3   | 17539 ||| INVOKING Berserk.
 17548 | Lair:3   | Killed a death yak
 17552 | Lair:3   | Killed a death yak
 17609 | Lair:4   | 17609 ||| STAIRDANCE
 17611 | Lair:3   | 17611 ||| INVOKING Berserk.
 17621 | Lair:3   | Killed a death yak
 17624 | Lair:3   | Killed a death yak
 17625 | Lair:3   | Reached skill level 16 in Shields
 17707 | Lair:4   | 17707 ||| STAIRDANCE
 17709 | Lair:3   | 17709 ||| INVOKING Berserk.
 17714 | Lair:3   | Killed a death yak
 17720 | Lair:3   | Killed a death yak
 17870 | Lair:4   | 17870 ||| STAIRDANCE
 17906 | Lair:4   | 17906 ||| STAIRDANCE
 17912 | Lair:4   | 17912 ||| STAIRDANCE
 17962 | Lair:4   | 17962 ||| STAIRDANCE
 18023 | Lair:4   | 18023 ||| STAIRDANCE
 18038 | Lair:4   | 18038 ||| STAIRDANCE
 18046 | Lair:4   | 18046 ||| INVOKING Berserk.
 18057 | Lair:4   | 18057 ||| STAIRDANCE
 18186 | Lair:4   | 18186 ||| Stepping ~*~*~tactically~*~*~ (stealth).
 18188 | Lair:4   | 18188 ||| Stepping ~*~*~tactically~*~*~ (stealth).
 18196 | Lair:4   | Reached XP level 13. HP: 116/116 MP: 12/12
 18202 | Lair:4   | 18202 ||| INVOKING Berserk.
 18218 | Lair:4   | Reached skill level 12 in Fighting
 18374 | Lair:4   | 18374 ||| INVOKING Berserk.
 18528 | Lair:4   | 18528 ||| DROPPING +1 flail of holy wrath.
 18546 | Lair:4   | 18546 ||| INVOKING Berserk.
 18845 | Lair:4   | 18845 ||| INVOKING Berserk.
 19093 | Lair:4   | Found a viscous altar of Jiyva.
 19093 | Lair:4   | Found a staircase to the Slime Pits.
 19120 | Lair:4   | 19120 ||| Stepping ~*~*~tactically~*~*~ (stealth).
 19127 | Lair:4   | 19127 ||| INVOKING Berserk.
 19301 | Lair:4   | 19301 ||| INVOKING Berserk.
 19439 | Lair:4   | 19439 ||| READING scroll of enchant weapon.
 19439 | Lair:4   | 19439 ||| ENCHANTING +2 vampiric hand axe.
 19850 | Lair:5   | Entered Level 5 of the Lair of Beasts
 19853 | Lair:5   | 19853 ||| Stepping ~*~*~tactically~*~*~ (stealth).
 20010 | Lair:5   | Reached skill level 3 in Throwing
 20063 | Lair:5   | 20063 ||| INVOKING Berserk.
 20225 | Lair:5   | 20225 ||| INVOKING Berserk.
 20319 | Lair:5   | 20319 ||| INVOKING Brothers in Arms.
 20322 | Lair:5   | 20322 ||| SWAPPING to +0 morningstar.
 20324 | Lair:5   | 20324 ||| INVOKING Brothers in Arms.
 20325 | Lair:5   | 20325 ||| INVOKING Brothers in Arms.
 20326 | Lair:5   | 20326 ||| INVOKING Brothers in Arms.
 20327 | Lair:5   | 20327 ||| INVOKING Brothers in Arms.
 20328 | Lair:5   | 20328 ||| INVOKING Brothers in Arms.
 20329 | Lair:5   | 20329 ||| INVOKING Brothers in Arms.
 20330 | Lair:5   | 20330 ||| INVOKING Brothers in Arms.
 20331 | Lair:5   | 20331 ||| INVOKING Berserk.
 20340 | Lair:5   | Reached skill level 17 in Shields
 20342 | Lair:5   | 20342 ||| SWAPPING to +3 vampiric hand axe.
 20666 | Lair:5   | 20666 ||| Stepping ~*~*~tactically~*~*~ (stealth).
 20749 | Lair:5   | 20749 ||| Stepping ~*~*~tactically~*~*~ (stealth).
 20753 | Lair:5   | 20753 ||| Stepping ~*~*~tactically~*~*~ (stealth).
 20849 | Lair:5   | 20849 ||| INVOKING Brothers in Arms.
 20854 | Lair:5   | 20854 ||| SWAPPING to +0 morningstar.
 20855 | Lair:5   | 20855 ||| INVOKING Berserk.
 20856 | Lair:5   | Reached skill level 12 in Armour
 20866 | Lair:5   | 20866 ||| SWAPPING to +3 vampiric hand axe.
 21037 | Lair:5   | 21037 ||| Stepping ~*~*~tactically~*~*~ (hiding).
 21039 | Lair:5   | 21039 ||| Stepping ~*~*~tactically~*~*~ (hiding).
 21043 | Lair:5   | 21043 ||| Stepping ~*~*~tactically~*~*~ (hiding).
 21044 | Lair:5   | 21044 ||| Stepping ~*~*~tactically~*~*~ (hiding).
 21045 | Lair:5   | 21045 ||| INVOKING Berserk.
 21063 | Lair:5   | 21063 ||| Stepping ~*~*~tactically~*~*~ (hiding).
 21065 | Lair:5   | 21065 ||| SWAPPING to +0 morningstar.
 21072 | Lair:5   | HP: 28/119 [eight-headed hydra (5)]
 21073 | Lair:5   | 21073 ||| READING 4 scrolls of teleportation.
 21073 | Lair:5   | HP: 12/119 [eight-headed hydra (5)]
 21074 | Lair:5   | 21074 ||| DRINKING 4 potions of heal wounds.
 21076 | Lair:5   | 21076 ||| DRINKING 3 potions of heal wounds.
 21077 | Lair:5   | 21077 ||| SWAPPING to +3 vampiric hand axe.
 21078 | Lair:5   | HP: 24/119 [molten gargoyle/+0 dire flail (16)]
 21079 | Lair:5   | 21079 ||| READING 3 scrolls of teleportation.
 21079 | Lair:5   | HP: 9/119 [hell hound (7)]
 21080 | Lair:5   | 21080 ||| DRINKING 2 potions of heal wounds.
 21081 | Lair:5   | 21081 ||| DRINKING potion of heal wounds.
 21403 | Lair:5   | 21403 ||| SWAPPING to +0 morningstar.
 21404 | Lair:5   | 21404 ||| INVOKING Berserk.
 21413 | Lair:5   | HP: 39/178 [hell hound/blast of flame (6)]
 21419 | Lair:5   | 21419 ||| READING 2 scrolls of teleportation.
 21419 | Lair:5   | HP: 9/122 [lindwurm/blast of flame (9)]
 21420 | Lair:5   | 21420 ||| SWAPPING to +3 vampiric hand axe.
 21420 | Lair:5   | HP: 3/122 [lindwurm/blast of flame (6)]
 21421 | Lair:5   | Slain by a lindwurm

Levels and vault maps discovered:
D:1:      dpeg_arrival_rooms_a, layout_basic, shapermc_ecumenical_altar_pompeii
D:2:      layout_basic, basic_altar
D:3:      layout_loops_ring, bloody_trog, grunt_temple_overflow_open,
          uniq_grinder
D:4:      layout_loops_ring, elyvilon_altar_1, serial_shops,
          nicolae_inconvenience_store, minivault_14
D:5:      layout_rooms, serial_demonic, serial_demonic_f, serial_demonic_d,
          serial_demonic_a, serial_demonic_c, serial_demonic_d,
          serial_demonic_c, uniq_blork_the_orc
D:6:      layout_rooms, zin_statuary, minmay_temple_entry_tees,
          gammafunk_ghost_arena, uniq_pikel
D:7:      layout_basic
D:8:      minmay_bubble_buster, layout_cave_pods,
          nicolae_dithmenos_the_darkroom, the_hattery
D:9:      layout_loops_ring
D:10:     layout_layer_cave, erik_lair_orcish_takeover, minmay_strange_pillars,
          uniq_gastronok
Lair:1:   layout_gridlike, nicolae_volcano_entry_vermiform
Lair:2:   layout_hall_layers, dummy_spider_entry, grunt_megastairs_5,
          serial_bayou_shore_a
Lair:3:   layout_regular_city, minmay_shoals_entry_centaurs, st_stairs_5,
          tgw_fedhas, lemuel_fruit_tree
Lair:4:   layout_roguey, dpeg_slime_entry_enclosed, serial_bayou,
          serial_bayou_pond_c, serial_bayou_pond_b, serial_bayou_lake_a,
          serial_bayou_pond_b, lemuel_fruit_fields, lemuel_fruit_fields
Lair:5:   cheibrodos_lair_end_hotspot, layout_misc_corridors, minivault_27,
          kennysheep_abandoned_house

Skill      XL: |  1  2  3  4  5  6  7  8  9 10 11 12 13 |
---------------+----------------------------------------+-----
Axes           | 4 5 6 7 10 11 13 14 | 14.0
Shields        | 5 6 9 11 13 14 16 17 | 17.0
Fighting       | 4 6 7 9 11 13 | 13.0
Armour         | 5 7 9 11 12 | 12.0
Throwing       | 1 5 |  5.0
Dodging        | 4 |  4.0

Action                   |  1- 3 |  4- 6 |  7- 9 | 10-12 | 13-15 || total
-------------------------+-------+-------+-------+-------+-------++-------
Melee: Hand axe          |    73 |   127 |   360 |   751 |   296 ||  1607
       Headbutt          |    11 |    11 |    62 |   159 |    65 ||   308
       Punch             |     2 |       |       |       |       ||     2
       Morningstar       |       |       |       |     2 |    33 ||    35
Throw: Boomerang         |       |       |       |    42 |       ||    42
       Javelin           |       |       |       |       |    25 ||    25
Invok: Berserk           |     1 |     5 |    10 |    27 |    12 ||    55
       Trog's Hand       |       |     1 |       |       |       ||     1
       Brothers in Arms  |       |       |       |     1 |     3 ||     4
  Use: Scroll            |     3 |     6 |     7 |     5 |     4 ||    25
       Potion            |       |     4 |     5 |     2 |     4 ||    15
 Stab: Distracted        |       |       |       |       |     1 ||     1
Armor: Animal skin       |     8 |    13 |       |       |       ||    21
       Leather armour    |       |     6 |     3 |       |       ||     9
       Scale mail        |       |       |    90 |       |       ||    90
       Ring mail         |       |       |    20 |       |       ||    20
       Plate armour      |       |       |     8 |   235 |   180 ||   423
       Chain mail        |       |       |     6 |       |       ||     6
Dodge: Dodged            |    33 |    27 |    73 |   120 |    85 ||   338
Block: Tower shield      |       |    42 |   246 |   554 |   304 ||  1146

Table legend:
 A = Non-vault XP
 B = Vault XP
 C = Vault XP percentage of total XP
 D = Non-vault monster count
 E = Vault monster count
 F = Vault count percentage of total count
                 A         B        C        D         E       F
            +---------+---------+-------+---------+---------+-------
      Total |   46175 |   11087 |  19.4 |     336 |      75 |  18.2
            +---------+---------+-------+---------+---------+-------
        D:1 |      56 |       0 |   0.0 |      27 |       0 |   0.0
        D:2 |      89 |       0 |   0.0 |      23 |       0 |   0.0
        D:3 |     130 |     286 |  68.8 |      14 |       1 |   6.7
        D:4 |     289 |       0 |   0.0 |      28 |       0 |   0.0
        D:5 |     603 |     303 |  33.4 |       9 |      15 |  62.5
        D:6 |     462 |     607 |  56.8 |       8 |       1 |  11.1
        D:7 |     587 |       0 |   0.0 |      15 |       0 |   0.0
        D:8 |     910 |    1234 |  57.6 |      23 |      11 |  32.4
        D:9 |    3453 |       0 |   0.0 |      27 |       0 |   0.0
       D:10 |    1887 |    2139 |  53.1 |      21 |      10 |  32.3
     Lair:1 |    3206 |       0 |   0.0 |      16 |       0 |   0.0
     Lair:2 |    7400 |     842 |  10.2 |      31 |       5 |  13.9
     Lair:3 |   11652 |    1171 |   9.1 |      42 |       6 |  12.5
     Lair:4 |    4584 |    1639 |  26.3 |      19 |       7 |  26.9
     Lair:5 |   10867 |    2866 |  20.9 |      33 |      19 |  36.5
            +---------+---------+-------+---------+---------+-------
